 Dungeon Crawl Stone Soup version 0.26.0-45-g9c1d065592 (webtiles) character file.

Game seed: 17764413455708540848

32 kaeus the Sneak (level 3, -1/21 HPs)
             Began as an Octopode Enchanter on Jan 28, 2021.
             Slain by a worker ant zombie (4 damage)
             ... on level 2 of the Dungeon.
             The game lasted 00:01:18 (1192 turns).

kaeus the Sneak (Octopode Enchanter)                Turns: 1192, Time: 00:01:19

Health: -1/21      AC:  1    Str:  7    XL:     3   Next: 27%
Magic:  6/6        EV: 13    Int: 17    God:
Gold:   62         SH:  3    Dex: 13    Spells: 4/6 levels left

rFire    . . .     SeeInvis .   a - +1 dagger
rCold    . . .     Faith    .   j - +0 buckler
rNeg     . . .     Spirit   .   (helmet restricted)
rPois    +         Reflect  .   c - amulet of inaccuracy (curse)
rElec    .         Harm     .   d - ring of poison resistance
rCorr    .         Rampage  .   (no ring)
Will     .....                  (no ring)
Stlth    ++++......             (no ring)
HPRegen  0.07/turn              (no ring)
MPRegen  0.10/turn              (no ring)
                                (no ring)
                                (no ring)

@: no status effects
A: almost no armour, stealthy swim, amphibious, 8 rings, constrict 8, camouflage
1, gelatinous body 1
a: no special abilities


You were on level 2 of the Dungeon.
You visited 1 branch of the dungeon, and saw 2 of its levels.

You collected 62 gold pieces.

Inventory:

Hand Weapons
 a - a +1 dagger (weapon)
Armour
 j - a +0 buckler (worn)
Jewellery
 c - a cursed amulet of inaccuracy (around mantle)
 d - a ring of poison resistance (left tentacle)
 e - an uncursed amulet of the acrobat {unknown}
Scrolls
 b - 5 scrolls of teleportation
 i - a scroll of fear
 k - a scroll of blinking {unknown}
Potions
 f - a potion of flight {unknown}
 g - a potion of curing {unknown}
 h - 4 potions of haste {unknown}


   Skills:
 + Level 1.4 Short Blades
 + Level 2.2 Dodging
 * Level 4.8 Stealth
 + Level 2.2 Spellcasting
 + Level 3.2 Hexes


You had 4 spell levels left.
You knew the following spells:

 Your Spells              Type           Power        Failure   Level
a - Ensorcelled Hibernat  Hex/Ice        14%          24%         2

Your spell library contained the following spells:

 Spells                   Type           Power        Failure   Level
 Corona                   Hex            13%          9%          1
 Confusing Touch          Hex            12%          26%         3
 Tukima's Dance           Hex            12%          26%         3
 Dazzling Flash           Conj/Hex       14%          43%         3


Dungeon Overview and Level Annotations

Branches:
Dungeon (2/15)

Altars:

Annotations:
D:2 Natasha


Innate Abilities, Weirdness & Mutations

You cannot wear most types of armour.
You are very stealthy in the water. (Stealth+)
You are amphibious.
You can wear up to eight rings at the same time.
You can use your tentacles to constrict eight enemies at once.
Your skin changes colour to match your surroundings (Stealth+).
Your rubbery body absorbs attacks. (AC +1, EV +1)


Message History

There are monsters nearby!
You closely miss the bat. Your grab misses the bat.
Your squeeze misses the bat.
The bat is heavily wounded.
You constrict the worker ant zombie. The bat closely misses you.
The worker ant zombie closely misses you.
You release your grip on the worker ant zombie.
The bat hits you.
You take 1 damage, and have 9/21 hp.
You block the bat's attack. You block the bat's attack.
The bat hits you but does no damage. The bat hits you.
The worker ant zombie bites you.
* * * LOW HITPOINT WARNING * * *
You take 6 damage, and have 3/21 hp.
MASSIVE DAMAGE!!
The bat barely misses you.
You closely miss the bat. Your grab misses the bat.
The bat is moderately wounded.
The bat misses you. The worker ant zombie bites you.
You die...

#..)...#.#
#........#
#........######
####..........#
#.....####. #.....#
.# #.....# #.#######
#.....# #.#......
#...@.####.#.....h
###....Z.....#......
#......b......(.....
#.....#.............
#.....#...........#
#######...........#
#...........+
##..........#
############


You could see a worker ant zombie and a bat.

Vanquished Creatures
  An ooze (D:1)
  2 dart slugs (D:1)
  A leopard gecko (D:1)
  A giant cockroach (D:1)
  3 goblins (D:1)
  3 hobgoblins (D:1)
  5 kobolds
  A bat (D:1)
  6 rats (D:1)
23 creatures vanquished.

Vanquished Creatures (others)
  4 toadstools (D:1)
4 creatures vanquished.

Grand Total: 27 creatures vanquished

Notes
Turn   | Place    | Note
-------+----------+-------------------------------------------
     0 | D:1      | kaeus the Octopode Enchanter began the quest for the Orb.
     0 | D:1      | Reached XP level 1. HP: 11/11 MP: 3/3
   163 | D:1      | Reached XP level 2. HP: 10/17 MP: 5/5
   458 | D:1      | Reached XP level 3. HP: 21/21 MP: 6/6
   586 | D:1      | Learned a level 2 spell: Ensorcelled Hibernation
  1178 | D:2      | Noticed Natasha
  1192 | D:2      | Slain by a worker ant zombie

Illustrated notes

Levels and vault maps discovered:
D:1:      ldierk_water_garden, layout_rooms, chequers_serial_rivers_small_b,
          minmay_close_crescents
D:2:      layout_basic, uniq_natasha, uniq_jessica

Action                   || total
-------------------------++-------
Melee: Dagger            ||    55
       Constrict         ||     7
       Tentacles         ||     3
  Use: Scroll            ||     3
 Stab: Sleeping          ||    10
       Distracted        ||     1
Armor: Skin              ||     5
Dodge: Dodged            ||    37
Block: Buckler           ||     4
